 Dungeon Crawl Stone Soup version 0.24.0-13-gcf9b319 (webtiles) character file.

Game seed: 7474669525347096573, levelgen mode: deterministic

233 Bronimir the Shooter (level 5, 0/45 HPs)
             Began as a Centaur Hunter on Mar 3, 2020.
             Succumbed to a worker ant's poison
             ... on level 3 of the Dungeon.
             The game lasted 00:10:51 (2961 turns).

Bronimir the Shooter (Centaur Hunter)               Turns: 2961, Time: 00:10:51

Health: 0/45       AC:  9    Str: 16    XL:     5   Next: 75%
Magic:  5/5        EV:  7    Int: 10    God:
Gold:   45         SH:  0    Dex:  9    Spells: 4/4 levels left

rFire    + . .     SeeInvis .   b - +1 shortbow
rCold    + . .     Gourm    .   (shield currently unavailable)
rNeg     . . .     Faith    .   i - +0 scale mail
rPois    +         Spirit   .   s - +0 helmet
rElec    +         Reflect  .   A - +0 cloak
rCorr    +         Harm     .   k - +0 pair of gloves
MR       .....                  (no barding)
Stlth    ..........             (no amulet)
HPRegen  0.15/turn              (no ring)
MPRegen  0.09/turn              (no ring)

@: lethally poisoned (0 -> -6), resistant, very quick
A: large, hooves 3, deformed body, speed 2, tough skin 3
a: no special abilities


You were on level 3 of the Dungeon.
You were not hungry.

You visited 1 branch of the dungeon, and saw 3 of its levels.

You collected 45 gold pieces.

Inventory:

Hand Weapons
 a - a +0 hand axe
 b - a +1 shortbow (weapon)
 g - a +0 short sword
 y - a +0 whip
 z - a +0 flail
Missiles
 d - 34 arrows (quivered)
 e - 45 stones
 q - 4 javelins
 r - 40 bolts
 t - 12 poisoned darts
Armour
 c - a +0 leather armour
 i - a +0 scale mail (worn)
 k - a +0 pair of gloves (worn)
 l - a +0 plate armour
 s - a +0 helmet (worn)
 w - a +0 ring mail
 A - a +0 cloak (worn)
Jewellery
 x - an uncursed ring of protection from fire {unknown}
Scrolls
 m - 2 scrolls of magic mapping {unknown}
 n - 2 scrolls of identify {unknown}
 o - 3 scrolls of remove curse {unknown}
 p - 2 scrolls of amnesia {unknown}
 u - a scroll of fog {unknown}
 v - a scroll of teleportation {unknown}
Potions
 h - a potion of flight
Comestibles
 f - 3 rations


   Skills:
 + Level 3.3 Fighting
 + Level 1.0 Maces & Flails
 + Level 7.3 Bows
 + Level 0.1 Throwing
 * Level 1.6 Armour
 + Level 1.7 Dodging
 - Level 0.4 Stealth


You had 4 spell levels left.
You didn't know any spells.
Your spell library was empty.

Dungeon Overview and Level Annotations

Branches:
Dungeon (3/15)

Altars:
Xom


Innate Abilities, Weirdness & Mutations

You have hooves in place of feet.
Armour fits poorly on your strangely shaped body.
You cover ground very quickly.
You have extremely tough skin. (AC +3)


Message History

* * * LOW HITPOINT WARNING * * *
Firing (i - inventory. (/) - cycle)
d - 37 arrows (quivered)
Press: ? - help, Shift-Dir - straight line, f/p - worker ant
Aim: a worker ant (severely wounded)
You shoot an arrow.
The arrow closely misses the worker ant.
The worker ant bites you but does no damage.
Firing (i - inventory. (/) - cycle)
d - 36 arrows (quivered)
Press: ? - help, Shift-Dir - straight line, f/p - worker ant
Aim: a worker ant (severely wounded)
You shoot an arrow.
The arrow completely misses the worker ant.
* * * LOW HITPOINT WARNING * * *
You feel sick. The worker ant barely misses you.
Okay, then.
Firing (i - inventory. (/) - cycle)
d - 35 arrows (quivered)
Press: ? - help, Shift-Dir - straight line, f/p - worker ant
Aim: a worker ant (severely wounded)
You shoot an arrow. The arrow barely misses the worker ant.
You die...

#......... #.........
...####### ##########
#.###. #..(.....# #.#
#.# #=.......# #.# #.#
#........# #.# #.# #####
#.....a..# #.# #.# #....
#=.....@.# #.###.###....
#......††###.......'....
..................†#....
###.#...####..<....#....
# #.#.# #.......#....
#.#.# #.......#....
..... #.......#....
.###.# #.......#.... ..
#. #.......#....


You could see a worker ant.

Vanquished Creatures
  4 orc priests
  2 adders
  2 oozes (D:2)
  2 worms (D:2)
  2 dart slugs
  2 leopard geckos
  9 orcs
  4 bats
  5 giant cockroaches
  5 goblins
  9 hobgoblins
  7 jackals
  A quokka (D:3)
  6 frilled lizards
  5 kobolds
  11 rats
76 creatures vanquished.

Notes
Turn   | Place    | Note
-------+----------+-------------------------------------------
     0 | D:1      | Bronimir the Centaur Hunter began the quest for the Orb.
     0 | D:1      | Reached XP level 1. HP: 17/17 MP: 1/1
   142 | D:1      | Reached XP level 2. HP: 23/24 MP: 2/2
   346 | D:1      | Reached skill level 6 in Bows
   458 | D:1      | Reached XP level 3. HP: 23/29 MP: 3/3
  1144 | D:2      | Reached skill level 1 in Armour
  1186 | D:2      | Reached XP level 4. HP: 37/37 MP: 4/4
  1634 | D:2      | Found a shimmering altar of Xom.
  2170 | D:3      | Reached skill level 7 in Bows
  2170 | D:3      | Reached XP level 5. HP: 11/45 MP: 5/5
  2782 | D:3      | Reached skill level 1 in Maces & Flails
  2958 | D:3      | HP: 1/45 [worker ant (3)]
  2961 | D:3      | Succumbed to a worker ant's poison

Levels and vault maps discovered:
D:1:      scummos_arrival_star, layout_rooms, minmay_hexomino_p4
D:2:      layout_basic, tgw_xom
D:3:      layout_basic, first_ration, supply_closet_lemuel,
          kennysheep_small_spiral

Skill      XL: |  1  2  3  4  5 |
---------------+----------------+-----
Bows           | 6 7 |  7.3
Armour         | 1 |  1.6
Fighting       | 3 |  3.3
Maces & Flails | 1 |  1.0
Throwing       | |  0.1
Dodging        | |  1.7
Stealth        | |  0.4

Action                   |  1- 3 |  4- 6 || total
-------------------------+-------+-------++-------
Melee: Whip              |    70 |    24 ||    94
       Kick              |    21 |     7 ||    28
       Flail             |       |    17 ||    17
       Hand axe          |       |    10 ||    10
 Fire: Shortbow          |    54 |    85 ||   139
Throw: Javelin           |    12 |     3 ||    15
       Stone             |     1 |       ||     1
  Use: Potion            |       |     5 ||     5
  Eat: Chunk             |       |     5 ||     5
Armor: Leather armour    |    52 |     8 ||    60
       Ring mail         |       |    43 ||    43
       Scale mail        |       |    14 ||    14
Dodge: Dodged            |    54 |    55 ||   109
